 Dungeon Crawl Stone Soup version 0.29.1-4-g47bece8355 (webtiles) character file.

Game seed: 2924711325526033196

44 hawla the Chiller (level 4, -5/33 HPs)
             Began as a Meteoran Ice Elementalist on Dec 10, 2022.
             Slain by a phantom (7 damage)
             ... on level 4 of the Dungeon.
             The game lasted 00:05:01 (332 turns).

hawla the Chiller (Meteoran Ice Elementalist)        Turns: 332, Time: 00:05:02

Health: -5/33      AC:  2    Str:  9    XL:     4   Next: 8%
Magic:  1/9        EV: 16    Int: 18    God:
Gold:   93         SH:  0    Dex: 15    Spells: 1/9 levels left

rFire   . . .      SeeInvis .   (no weapon)
rCold   . . .      Faith    .   (no shield)
rNeg    . . .      Spirit   .   a - +0 robe
rPois   .          Reflect  .   (no helmet)
rElec   .          Harm     .   (no cloak)
rCorr   .          Rampage  .   (no gloves)
Will    .....                   (no boots)
Stlth   +.........              (no amulet)
HPRegen 0.11/turn               d - +4 ring of evasion
MPRegen 0.11/turn               (no ring)

@: very slightly contaminated, glowing
A: sense surroundings 1, otherworldly, glowing, explore regen
a: no special abilities


You were on level 4 of the Dungeon.
You visited 1 branch of the dungeon, and saw 4 of its levels.

You collected 93 gold pieces.

Inventory:

Armour
 a - a +0 robe (worn)
Jewellery
 d - a +4 ring of evasion (left hand)
Potions
 b - a potion of cancellation


   Skills:
 - Level 2.5 Dodging
 - Level 1.4 Stealth
 - Level 3.2 Spellcasting
 + Level 5.4 Ice Magic


You had one spell level left.
You knew the following spells:

 Your Spells              Type           Power      Damage    Failure   Level
a - Freeze                Ice            88%        1d10      1%          1
b - Frozen Ramparts       Ice            44%        1d7       4%          3
c - Hailstorm             Conj/Ice       12%        3d5       45%         4

Your spell library contained the following spells:

 Spells                   Type           Power      Damage    Failure   Level
 Shock                    Conj/Air       8%         1d3       16%         1
 Ozocubu's Armour         Ice            22%        N/A       4%          3
 Swiftness                Air            2%         N/A       43%         3
 Airstrike                Air            1%         2d(1-17)  85%         4


Dungeon Overview and Level Annotations

Branches:
Dungeon (4/15) Zot: 2088
 Temple: D:4-7

Altars:
Yredelemnul

Shops:
D:4 *


Innate Abilities, Weirdness & Mutations

You passively map a small area around you.
You are easily found by Zot.
You glow in the dark.
You regain HP and MP as you explore.


Message History

The phantom attacks as you move away! The phantom barely misses you.
The phantom attacks as you move away! The phantom hits you.
* * * LOW HITPOINT WARNING * * *
Found 20 gold pieces.
Really walk into that dispersal trap?
You enter a dispersal trap!
The phantom blinks! x2; You blink.
Really walk into that dispersal trap?
You enter a dispersal trap!
The phantom blinks!
You blink.
You now have 93 gold pieces (gained 20).
Casting: Freeze (safe; 1% risk of failure)
Confirm with . or Enter, or press ? or * to list all spells.
The spell is astonishingly dangerous to miscast (45% risk of failure)!
Continue anyway?
Okay, then.
Casting: Hailstorm (astonishingly dangerous; 45% risk of failure)
Confirm with . or Enter, or press ? or * to list all spells.
The spell is astonishingly dangerous to miscast (45% risk of failure)!
Continue anyway?
Casting: Hailstorm (astonishingly dangerous; 45% risk of failure)
Press: ? - help, Dir - look around, f - activate You miscast Hailstorm.
You are very lightly contaminated with residual magic.
Nothing appears to happen.
Casting: Hailstorm (astonishingly dangerous; 45% risk of failure)
Confirm with . or Enter, or press ? or * to list all spells.
The spell is astonishingly dangerous to miscast (45% risk of failure)!
Continue anyway?
Casting: Hailstorm (astonishingly dangerous; 45% risk of failure)
Press: ? - help, Dir - look around, f - activate A cannonade of hail descends around you!
The hail pelts the phantom.
The phantom partially resists.
The phantom is lightly damaged.
Unknown command.
The phantom hits you. The phantom hits you.
The phantom blinks!
You blink.
The phantom hits you!
* * * LOW HITPOINT WARNING * * *
The phantom blinks!
You blink.
The phantom barely misses you. The phantom attacks as you move away!
The phantom hits you.
* * * LOW HITPOINT WARNING * * *
The phantom attacks as you move away! The phantom hits you!
You die...

######## , ,
#......# *
#.####.##### *
#.# #......#
#.# #..#.###
#.# #..#.# #.#
#..# . #.#
#..####### #.#
#..W@....#
#.###.######.#
#.....######
#####......# *
#^####.# #.#
*, #.# , , ,
#.#, , < #.# ,


You could see a phantom.

Vanquished Creatures
  4 adders (D:2)
  A ball python (D:4)
  A goblin (D:4)
  2 hobgoblins
  A quokka (D:2)
  A rat (D:3)
10 creatures vanquished.

Notes
Turn   | Place    | Note
-------+----------+-------------------------------------------
     0 | D:1      | hawla the Meteoran Ice Elementalist began the quest for the
                  | Orb.
     0 | D:1      | Reached XP level 1. HP: 14/14 MP: 5/5
    26 | D:2      | Reached XP level 2. HP: 12/20 MP: 2/6
    41 | D:2      | Found a basalt altar of Yredelemnul.
    45 | D:2      | Reached skill level 5 in Ice Magic
    45 | D:2      | Reached XP level 3. HP: 16/26 MP: 2/8
    49 | D:2      | Learned a level 3 spell: Frozen Ramparts
   179 | D:3      | Reached XP level 4. HP: 33/33 MP: 9/9
   208 | D:3      | Learned a level 4 spell: Hailstorm
   229 | D:4      | Noticed a phantom
   247 | D:4      | Found Zat Yqarr's Elemental Accessories.
   332 | D:4      | Slain by a phantom

Illustrated notes

Levels and vault maps discovered:
D:1:      minmay_arrival_up_and_down, layout_rooms,
          hellmonk_ecumenical_altar_watching_god
D:2:      layout_basic, serial_shops, nicolae_shop_bloodbath_and_beyond,
          basic_altar, lemuel_flame_loot_1
D:3:      layout_basic, tgw_xom, serial_shops, shop_fountains
D:4:      layout_basic, minmay_temple_entry_antechambers, nicolae_elemental_shop

Skill      XL: |  1  2 |
---------------+-------+-----
Spellcasting   | 3 |  3.2
Ice Magic      | 5 |  5.4
Dodging        | |  2.5
Stealth        | |  1.4

Action                   |  1- 3 |  4- 6 || total
-------------------------+-------+-------++-------
Melee: Unarmed           |       |    15 ||    15
 Cast: Freeze            |    15 |    12 ||    27
       Frozen Ramparts   |     1 |     4 ||     5
       Hailstorm         |       |     1 ||     1
  Use: Potion            |     2 |       ||     2
       Scroll            |       |     1 ||     1
Armor: Robe              |     2 |     5 ||     7
Dodge: Dodged            |     5 |    21 ||    26
